 Dungeon Crawl Stone Soup version 0.17.0-28-g6e173f8 (webtiles) character file.

39 M4edhros the Charlatan (level 3, -1/23 HPs)
             Began as an Octopode Artificer on Nov 30, 2015.
             Hit by a tomahawk thrown by an orc (3 damage)
             ... on level 3 of the Dungeon.
             The game lasted 00:01:12 (906 turns).

M4edhros the Charlatan (Octopode Artificer)          Turns: 906, Time: 00:01:13

Health: -1/23      AC:  1    Str: 10    XL:     3   Next: 47%
Magic:  6/6        EV: 12    Int: 15    God:
Gold:   41         SH:  0    Dex: 12    Spells: 0 memorised, 2 levels left

rFire  . . .     SeeInvis .     a - +0 short sword
rCold  . . .     Clarity  .     (no shield)
rNeg   . . .     SustAt   .     (helmet restricted)
rPois  .         Gourm    .     (no amulet)
rElec  .         Spirit   .     (no ring)
rCorr  .         Warding  .     (no ring)
rMut   .         Stasis   .     (no ring)
MR     .....                    (no ring)
Stlth  +++.......               (no ring)
                                (no ring)
                                (no ring)
                                (no ring)

@: drained, not resistant to hostile enchantments, fairly stealthy
A: almost no armour, amphibious, 8 rings, constrict 8, camouflage 1, gelatinous
body 1
a: no special abilities


You were on level 3 of the Dungeon.
You were not hungry.

You visited 1 branch of the dungeon, and saw 3 of its levels.

You collected 41 gold pieces.

Inventory:

Hand Weapons
 a - a +0 short sword (weapon)
 k - a +0 hunting sling
Wands
 b - a wand of flame (14)
 c - a wand of enslavement (15)
 d - a wand of random effects (14)
Scrolls
 g - a scroll of magic mapping {unknown}
 h - 3 scrolls of remove curse {unknown}
 i - a scroll of fear {unknown}
 j - a scroll of enchant weapon {unknown}
 m - a scroll of identify {unknown}
Books
 l - a book of the Dragon

   Spells                             Type                      Level
   a - Flame Tongue                   Conjuration/Fire             1
   b - Cause Fear                     Hexes                        4
   c - Bolt of Fire                   Conjuration/Fire             6
   d - Dragon Form                    Transmutation                7
   e - Dragon's Call                  Summoning                    9
Comestibles
 e - 3 bread rations
 f - a meat ration
 n - a chunk of flesh


   Skills:
 - Level 1.0(0.3) Fighting
 - Level 1.0(0.3) Short Blades
 - Level 2.0(1.2) Dodging
 + Level 3.1(2.3) Stealth
 + Level 4.2(3.5) Evocations


You had 2 spell levels left.
You didn't know any spells.

Dungeon Overview and Level Annotations

Branches:
Dungeon (3/15)

Altars:


Innate Abilities, Weirdness & Mutations

You cannot wear most types of armour.
You are amphibious.
You can wear up to eight rings at the same time.
You can use your tentacles to constrict eight enemies at once.
Your skin changes colour to match your surroundings (Stealth).
Your rubbery body absorbs attacks (AC +1).


Message History

You feel drained. The orc closely misses you.
You hit the orc.
The orc is severely wounded.
You constrict the orc.
You kill the orc!
The orc throws a tomahawk.
The tomahawk closely misses you. The orc misses you.
The orc throws a tomahawk.
The tomahawk hits you.
You hit the orc but do no damage. You grab the orc.
You constrict the orc, but do no damage.
The orc hits you with a mace of draining.
You feel drained.
You hit the orc.
The orc is heavily wounded.
You constrict the orc, but do no damage.
The orc hits you with a mace of draining.
* * * LOW HITPOINT WARNING * * *
You feel drained.
* * * LOW HITPOINT WARNING * * *
The orc throws a tomahawk.
The tomahawk hits you.
You die...

# .. #.. ... ##. .. # #.
o.#.# ####.
##..#.########.##.
###.................
#.####.#.#.##########+##+
#......).o......##.......
#..###..@.......##.......
#.......(#.####.##.......
#....≈..)..# #..##.......
#...≈⌠†..#.###..##.......
+...≈≈...........####.###
#..........###..#.# #.#
#..###..........#.###.###
#.......)................
#..######.........#......


You could see 2 orcs.

Vanquished Creatures
  An adder (D:3)
  7 orcs (D:3)
  4 bats
  A giant cockroach (D:1)
  A goblin (D:1)
  2 hobgoblins (D:1)
  A quokka (D:3)
  2 ball pythons
  3 rats
22 creatures vanquished.

Notes
Turn   | Place    | Note
--------------------------------------------------------------
     0 | D:1      | M4edhros the Octopode Artificer began the quest for the Orb.
     0 | D:1      | Reached XP level 1. HP: 13/13 MP: 3/3
   135 | D:1      | Reached XP level 2. HP: 6/18 MP: 4/4
   749 | D:3      | Reached skill level 4 in Evocations
   768 | D:3      | Reached XP level 3. HP: 10/23 MP: 6/6
   906 | D:3      | Hit by a tomahawk thrown by an orc

Action                   || total
-------------------------++-------
Melee: Short sword       ||    50
Evoke: Wand              ||     2
  Use: Potion            ||     1
 Stab: Sleeping          ||     4
  Eat: Chunk             ||     1
